Map: Eastwatch LE

Players

Maru - Winner!

  • Race: Terran Terran
  • Spawn Location: 7:00

Scarlett

  • Race: Zerg Zerg
  • League: Master
  • Spawn Location: 1:00

Event: WESG 2017 Haikou

VOD

Have the link to the VOD?

Description

Time

  • Played on: March 16, 2018, 3:09 a.m.
  • Length: 18:27

All games in this series

Show
View Real Time Build Order
Export as new Build Order

Maru Terran - Winner!

Build Orders: Gas First Reaper Expand, Reaper Expand, Hellion Banshee, Mech 

Get SALT Encoding   

  12  0:00  SCV  
  13  0:12  SCV  
  14  0:17  Supply Depot  
  14  0:24  SCV  
  15  0:29  Refinery  
  15  0:38  SCV  
  16  0:44  Barracks  
  16  0:50  SCV  
  17  1:02  SCV  
  18  1:14  SCV  
  19  1:30  Orbital Command  
  19  1:31  Reaper  
  20  1:42  Command Center  
  20  1:56  Factory  
  20  1:57  SCV  
  21  2:04  Supply Depot  
  21  2:07  Barracks Reactor  
  21  2:10  SCV  
  22  2:18  Refinery  
  22  2:22  SCV  
  23  2:34  SCV  
  24  2:43  Starport  
  24  2:46  Hellion  
  24  2:47  SCV, Hellion  
  24  2:49  Barracks Tech Lab  
  29  2:55  Orbital Command  
  29  2:59  SCV  
  30  3:10  Hellion x2  
  30  3:12  SCV  
  35  3:24  SCV x2  
  37  3:29  Supply Depot, Viking  
  39  3:37  Hellion x2  
  39  3:38  SCV  
  39  3:40  SCV  
  45  3:43  Cloaking Field  
  45  3:47  Barracks Tech Lab  
  45  3:51  SCV  
  45  3:53  SCV  
  45  3:54  Supply Depot  
  47  4:03  Cyclone x2  
  47  4:09  SCV  
  54  4:13  Supply Depot  
  54  4:15  SCV  
  55  4:19  Banshee  
  55  4:22  SCV  
  59  4:28  SCV  
  59  4:34  SCV  
  59  4:35  Hellion  
  59  4:36  Hellion  
  64  4:39  Armory  
  64  4:40  SCV  
  64  4:41  Supply Depot  
  65  4:46  Supply Depot  
  65  4:49  SCV  
  65  4:52  SCV  
  63  5:01  SCV  
  63  5:04  SCV  
  59  5:12  Command Center  
  59  5:13  Banshee  
  59  5:14  SCV  
  63  5:16  SCV  
  63  5:18  Refinery  
  63  5:19  Refinery  
  63  5:20  Hellion  
  63  5:21  Hellion  
  68  5:26  SCV  
  68  5:27  Terran Vehicle Weapons Level 1  
  68  5:28  SCV  
  70  5:38  SCV  
  70  5:40  SCV  
  70  5:42  Hellion x2  
  76  5:43  Factory  
  76  5:49  Factory  
  76  5:50  SCV  
  76  5:52  SCV  
  78  6:02  SCV  
  79  6:04  SCV  
  79  6:06  Armory  
  80  6:11  Hellion  
  80  6:12  Hellion  
  80  6:14  SCV  
  80  6:16  SCV  
  87  6:26  SCV, Starport Reactor  
  87  6:27  Siege Tank  
  87  6:28  SCV, Supply Depot  
  87  6:29  Orbital Command  
  91  6:39  SCV  
  88  6:46  Hellion x2  
  86  6:49  Command Center  
  86  6:52  Siege Tank  
  87  6:59  Hellion  
  82  7:02  SCV x2  
  82  7:03  Viking x2  
  85  7:08  Orbital Command  
  84  7:26  Thor x2  
  93  7:30  Refinery x2  
  93  7:31  Terran Vehicle And Ship Armor Level 1  
  93  7:35  SCV  
  94  7:42  SCV x2  
  96  7:44  Medivac  
  96  7:45  Medivac  
  96  7:47  SCV  
  96  7:48  Engineering Bay  
  96  7:51  Supply Depot  
  101  7:54  SCV x2  
  103  7:59  Hellion x2, Terran Vehicle Weapons Level 2  
  103  8:01  SCV  
  103  8:02  Orbital Command  
  108  8:08  Supply Depot  
  108  8:09  Supply Depot  
  108  8:14  Factory x2  
  108  8:19  SCV x2  
  110  8:28  Siege Tank x2  
  110  8:29  Hellion x2  
  110  8:30  SCV  
  110  8:31  SCV x2  
  110  8:33  SCV  
  124  8:35  Supply Depot  
  124  8:46  Viking x2  
  128  8:48  Refinery x2  
  128  8:50  Command Center  
  128  8:53  Hellion x2  
  128  8:54  Infernal Pre-Igniter  
  128  8:55  Supply Depot  
  132  9:00  Siege Tank  
  137  9:05  Siege Tank  
  137  9:07  Factory Reactor, Factory Tech Lab  
  135  9:14  Hellion  
  137  9:18  Hellion  
  137  9:22  SCV x3  
  137  9:23  SCV  
  143  9:26  Supply Depot  
  143  9:27  Siege Tank, Supply Depot  
  146  9:32  Siege Tank  
  146  9:34  Viking x2  
  146  9:36  Hellion  
  155  9:38  Command Center  
  155  9:43  Terran Vehicle And Ship Armor Level 2, Supply Depot x2  
  155  9:50  Command Center  
  155  9:52  Siege Tank  
  158  9:57  Hellion  
  158  9:59  Siege Tank  
  163  10:05  Siege Tank  
  166  10:08  Hellion  
  153  10:17  Hellion  
  122  10:22  Hellion  
  122  10:24  Siege Tank  
  122  10:30  Hellion x2  
  122  10:31  Siege Tank  
  129  10:37  Siege Tank  
  129  10:39  Hellion  
  131  10:44  Hellion  
  131  10:46  Liberator x2  
  131  10:50  Terran Vehicle Weapons Level 3  
  131  10:52  Hellion  
  131  10:53  Orbital Command  
  131  10:56  Siege Tank  
  136  11:03  Siege Tank, Hellion  
  147  11:06  Planetary Fortress  
  147  11:08  Refinery  
  147  11:09  Siege Tank  
  150  11:17  Hellion  
  152  11:20  Refinery  
  148  11:26  Hellion  
  148  11:28  Siege Tank  
  139  11:35  Siege Tank, Hellion  
  139  11:41  Siege Tank, Hellion x2  
  139  11:42  Factory  
  139  11:44  Orbital Command  
  139  11:46  Viking x2  
  146  11:47  Hellion  
  127  11:56  Hellion  
  127  12:00  Siege Tank  
  132  12:03  Hellion x2  
  132  12:07  Siege Tank  
  139  12:10  Factory x2  
  139  12:11  Hellion  
  139  12:13  Siege Tank  
  144  12:16  SCV x4, Terran Vehicle And Ship Armor Level 3, Viking x2  
  144  12:17  Hellion  
  144  12:19  SCV  
  155  12:28  Hellion x2  
  159  12:32  Siege Tank  
  159  12:35  Hellion, Sensor Tower  
  164  12:39  Siege Tank, Hellion  
  164  12:40  Liberator x2  
  169  12:45  Siege Tank  
  169  12:49  Hellion  
  169  12:51  Factory Tech Lab  
  177  13:00  Hellion  
  177  13:04  Siege Tank  
  159  13:10  Factory Tech Lab  
  159  13:11  Factory Reactor  
  159  13:12  Siege Tank  
  154  13:14  Refinery  
  154  13:16  Refinery  
  154  13:17  Siege Tank x2, Hellion  
  162  13:23  Liberator  
  162  13:24  Hellion x3  
  168  13:29  Command Center  
  168  13:30  Siege Tank  
  171  13:36  Siege Tank  
  171  13:41  Hellion  
  177  13:44  Siege Tank  
  177  13:45  Hellion x2  
  177  13:48  Hellion x2, Command Center  
  164  13:49  Siege Tank x2  
  164  13:53  Smart Servos  
  164  13:54  Hellion x4  
  152  13:56  Hellion  
  152  14:02  Siege Tank, Hellion  
  157  14:08  Siege Tank, Hellion x2  
  161  14:14  Command Center  
  161  14:16  Siege Tank  
  164  14:19  Hellion  
  164  14:21  Siege Tank x2, Command Center  
  170  14:27  Hellion  
  161  14:34  Siege Tank  
  161  14:37  Hellion  
  153  14:40  Siege Tank  
  153  14:45  Hellion  
  152  14:48  Siege Tank  
  152  14:52  Hellion  
  133  14:53  Siege Tank x2  
  131  15:06  Siege Tank  
  134  15:13  Siege Tank  
  126  15:18  SCV x4  
  126  15:20  Siege Tank  
  112  15:25  Siege Tank, Viking x2  
  112  15:26  Siege Tank  
  119  15:28  Hellion  
  117  15:38  Siege Tank, Hellion x2  
  124  15:44  Hellion x2  
  124  15:45  Siege Tank  
  130  15:52  Siege Tank  
  130  15:54  Planetary Fortress  
  130  15:55  SCV x4  
  129  15:57  Siege Tank  
  129  15:58  Siege Tank  
  129  16:01  Viking  
  129  16:02  Orbital Command  
  136  16:07  SCV x4  
  136  16:10  Siege Tank  
  143  16:13  Hellion x2  
  143  16:14  Hellion  
  143  16:17  Siege Tank  
  152  16:20  Viking  
  152  16:24  Siege Tank  
  155  16:26  Hellion  
  155  16:29  Siege Tank  
  155  16:30  Siege Tank  
  155  16:31  Viking  
  156  16:32  SCV  
  156  16:33  SCV  
  156  16:34  SCV  
  150  16:42  Siege Tank  
  150  16:44  SCV  
  150  16:49  Siege Tank  
  150  16:53  Hellion  
  146  16:56  Siege Tank  
  147  17:02  Orbital Command  
  147  17:08  Siege Tank x2, Hellion x2  
  157  17:09  Orbital Command  
  157  17:15  Siege Tank  
  157  17:16  Hellion  
  157  17:22  Siege Tank, Hellion  
  161  17:25  Hellion  
  161  17:28  Siege Tank  
  161  17:29  Hellion  
  161  17:30  Hellion  
  161  17:34  SCV x5  
  161  17:35  SCV  
  155  17:40  Siege Tank  
  155  17:41  Siege Tank  
  155  17:42  Hellion  
  163  17:46  SCV x5  
  163  17:47  SCV  
  163  17:48  Siege Tank  
  163  17:50  Hellion  
  169  17:52  Hellion  
  169  17:54  Siege Tank  
  169  17:58  Hellion  
  169  18:00  Hellion x2  
Show
View Real Time Build Order
Export as new Build Order

Scarlett Zerg 

Build Orders: Hatch First 

Get SALT Encoding   

  12  0:00  Drone  
  13  0:13  Overlord  
  13  0:17  Drone  
  14  0:32  Drone x2  
  16  0:37  Drone  
  17  0:52  Hatchery  
  17  0:55  Drone  
  17  0:58  Drone  
  18  1:09  Extractor  
  17  1:12  Spawning Pool  
  17  1:15  Drone  
  17  1:19  Drone  
  18  1:29  Drone  
  19  1:40  Drone  
  20  1:48  Evolution Chamber  
  20  1:51  Drone  
  20  1:59  Queen  
  22  2:03  Queen  
  22  2:05  Zergling x4  
  26  2:11  Overlord  
  26  2:14  Zerg Melee Weapons Level 1  
  26  2:16  Drone  
  27  2:23  Drone  
  28  2:31  Drone  
  28  2:34  Drone  
  28  2:36  Drone  
  31  2:41  Queen  
  31  2:44  Overlord  
  33  2:48  Metabolic Boost  
  33  2:51  Drone  
  33  2:55  Drone  
  35  3:03  Drone  
  36  3:06  Drone x2  
  36  3:11  Drone x2  
  40  3:21  Hatchery  
  39  3:27  Overlord  
  39  3:28  Drone x2  
  39  3:33  Drone  
  42  3:39  Drone  
  43  3:44  Overlord  
  43  3:47  Baneling Nest  
  43  3:48  Drone, Zergling x2  
  43  3:49  Zergling x4  
  43  3:51  Zergling x2  
  43  3:52  Zergling x2  
  48  3:55  Overlord  
  48  4:02  Zergling x2  
  49  4:03  Zergling x2  
  49  4:04  Zergling x2  
  51  4:13  Overlord  
  51  4:14  Zerg Ground Armor Level 1  
  51  4:20  Zergling x14  
  58  4:32  Zergling x2  
  58  4:33  Zergling x2  
  55  4:39  Zergling x6  
  58  4:46  Zergling x2  
  58  4:52  Drone x2  
  57  4:53  Drone x2  
  57  4:56  Drone x2  
  57  5:05  Drone  
  57  5:06  Drone x5  
  58  5:09  Queen x3  
  58  5:13  Extractor  
  59  5:14  Roach Warren  
  59  5:15  Drone  
  59  5:21  Zergling x6  
  62  5:22  Drone, Baneling x3  
  62  5:23  Drone  
  62  5:25  Drone x2  
  66  5:33  Drone x2  
  68  5:35  Zergling x2  
  68  5:41  Overlord x2  
  69  5:47  Drone  
  69  5:48  Drone x2  
  72  5:50  Overlord  
  72  5:51  Overlord, Zergling x2  
  72  5:52  Baneling x2  
  72  5:54  Overlord  
  73  5:57  Lair  
  73  6:01  Spore Crawler  
  73  6:02  Spore Crawler x2  
  73  6:03  Drone x3  
  73  6:15  Drone  
  73  6:16  Drone x5  
  79  6:21  Zerg Missile Weapons Level 1  
  79  6:22  Drone x7  
  79  6:23  Baneling x4  
  79  6:24  Zergling x2  
  87  6:28  Zergling x2  
  88  6:38  Zergling x10  
  88  6:43  Zergling x4  
  88  6:44  Zergling x6  
  84  6:49  Zergling x2  
  84  6:51  Zergling x2  
  84  6:52  Zergling x4  
  85  6:54  Zergling x2  
  85  6:55  Zergling x2  
  85  6:58  Queen x2  
  82  7:01  Roach  
  82  7:02  Queen  
  83  7:10  Drone x3  
  83  7:13  Drone x3  
  83  7:14  Glial Reconstitution  
  85  7:16  Drone, Extractor  
  85  7:18  Overseer  
  85  7:20  Drone  
  86  7:24  Drone  
  86  7:25  Extractor x2  
  86  7:27  Drone, Extractor  
  85  7:33  Roach x2  
  85  7:36  Queen  
  91  7:38  Hatchery  
  91  7:39  Drone x2  
  91  7:42  Evolution Chamber  
  91  7:50  Overlord  
  91  7:52  Roach  
  91  7:53  Roach x3  
  91  7:54  Overlord  
  99  8:02  Drone x2  
  101  8:07  Infestation Pit  
  100  8:14  Overlord x2  
  100  8:15  Drone x3  
  100  8:16  Drone x2  
  100  8:17  Drone x4  
  108  8:23  Zerg Ground Armor Level 2, Zerg Melee Weapons Level 2  
  108  8:29  Overlord  
  108  8:38  Roach x5  
  117  8:49  Hatchery, Roach x7, Centrifical Hooks  
  130  9:00  Hatchery  
  126  9:03  Roach x9  
  142  9:12  Drone x4  
  142  9:13  Drone  
  145  9:21  Drone x3  
  145  9:22  Overlord x3  
  145  9:23  Overlord  
  146  9:28  Drone x3  
  145  9:34  Roach  
  145  9:36  Overlord  
  145  9:38  Overlord  
  147  9:39  Overlord  
  147  9:46  Roach  
  147  9:47  Roach x4  
  157  9:53  Baneling x9  
  157  9:55  Roach x3  
  157  9:56  Ravager x7  
  157  9:59  Roach  
  172  10:02  Roach x2  
  158  10:17  Roach x2  
  158  10:18  Roach x6  
  141  10:24  Queen  
  141  10:26  Roach  
  141  10:27  Roach x9  
  157  10:35  Spore Crawler  
  156  10:36  Drone  
  156  10:37  Drone x7  
  156  10:38  Extractor  
  156  10:39  Extractor  
  148  10:46  Extractor  
  148  10:47  Extractor  
  148  10:49  Drone x5  
  145  10:55  Drone x3  
  145  10:56  Zerg Missile Weapons Level 2  
  142  11:05  Overseer, Spore Crawler  
  142  11:08  Roach  
  142  11:09  Roach x6, Ravager x3  
  142  11:10  Ravager x2  
  160  11:12  Roach x2, Zergling x10  
  160  11:14  Roach  
  160  11:15  Queen  
  160  11:29  Roach x9  
  154  11:38  Roach x12  
  173  11:41  Roach  
  162  11:55  Hive  
  162  11:56  Roach x5  
  162  11:57  Ravager x2  
  162  12:00  Roach x4, Zergling x2  
  183  12:05  Drone x3  
  186  12:09  Roach  
  186  12:10  Roach x5  
  198  12:16  Overlord  
  198  12:18  Roach  
  200  12:26  Hatchery  
  194  12:40  Drone x3  
  189  12:52  Roach  
  189  12:53  Roach x4, Zergling x2  
  161  13:08  Roach  
  161  13:09  Roach x22  
  185  13:13  Ravager x8  
  185  13:15  Roach x2  
  196  13:21  Roach x2  
  196  13:26  Zerg Missile Weapons Level 3  
  194  13:46  Roach x10  
  188  13:52  Ravager x4  
  188  13:53  Ravager x3  
  185  13:57  Roach x7  
  185  13:58  Zergling x2  
  192  14:10  Spine Crawler  
  192  14:12  Spine Crawler  
  192  14:14  Viper  
  192  14:15  Viper  
  131  14:46  Roach x10  
  131  14:47  Roach  
  131  14:52  Roach  
  145  14:53  Roach x13  
  165  15:00  Roach x5  
  165  15:01  Drone, Roach  
  165  15:02  Drone x4  
  161  15:13  Drone x6  
  161  15:14  Drone x6  
  140  15:28  Drone x3  
  140  15:29  Drone x4  
  140  15:30  Drone x2  
  146  15:39  Drone x4  
  146  15:41  Spine Crawler  
  146  15:42  Spine Crawler  
  146  15:48  Drone x4  
  146  15:49  Drone x6  
  154  15:53  Roach  
  154  15:54  Roach x3  
  162  15:58  Ravager x9  
  162  15:59  Ravager  
  162  16:00  Roach x2  
  176  16:04  Extractor  
  176  16:05  Drone  
  176  16:06  Drone x2  
  176  16:08  Roach x2  
  182  16:13  Roach x3  
  182  16:16  Roach  
  182  16:17  Roach x2  
  140  16:34  Roach x11  
  135  16:42  Drone  
  135  16:43  Drone x7  
  122  16:54  Roach x2  
  122  16:55  Roach x4  
  122  17:00  Roach  
  122  17:01  Roach x2  
  132  17:06  Roach x3  
  132  17:08  Ravager x2  
  137  17:12  Ravager x4  
  137  17:15  Roach x4  
  115  17:35  Roach x12  
  115  17:36  Ravager  
  122  17:37  Ravager x2  
  122  17:39  Roach  
  119  17:48  Roach x2  
  119  17:49  Roach  
  130  17:51  Ravager  
  130  17:52  Zergling x2  
  130  17:53  Zergling x4  
  128  18:00  Roach x3  
  128  18:03  Roach x2  
Tags
 
Add a new tag
Caveats
  • Supply blocks, unpowered buildings, or Contaminate may cause inaccurate times.
  • Supply counts are checked every 10 seconds.